Map: Dusk Towers

Players

MrPörfekt

  • Race: Zerg Zerg
  • League: Master

Miszu - Winner!

  • Race: Terran Terran
  • League: Master

VOD

Have the link to the VOD?

Description

Time

  • Played on: April 19, 2016, 12:51 p.m.
  • Length: 18:35
Show
View Real Time Build Order
Export as new Build Order

MrPörfekt Zerg 

Build Orders: Hatch First, Muta Ling Bane 

Get SALT Encoding   

  12  0:01  Drone  
  13  0:14  Overlord  
  13  0:17  Drone  
  14  0:32  Drone x2  
  16  0:36  Drone  
  17  0:53  Hatchery  
  16  1:00  Drone x2  
  18  1:05  Extractor  
  17  1:14  Spawning Pool  
  17  1:17  Drone  
  17  1:20  Drone  
  18  1:30  Drone  
  19  1:40  Overlord  
  19  1:53  Drone  
  20  2:01  Queen  
  22  2:02  Zergling x2  
  22  2:05  Queen  
  22  2:06  Zergling x2  
  26  2:08  Metabolic Boost  
  26  2:13  Zergling x2  
  27  2:16  Drone  
  28  2:23  Drone  
  28  2:28  Overlord  
  29  2:35  Drone  
  30  2:38  Queen, Drone  
  33  2:45  Drone  
  33  2:48  Queen  
  36  3:02  Overlord  
  36  3:05  Drone  
  36  3:06  Drone  
  36  3:07  Drone  
  39  3:15  Lair  
  39  3:19  Drone  
  41  3:20  Drone x3  
  41  3:21  Drone  
  41  3:24  Drone  
  41  3:26  Drone  
  46  3:47  Hatchery  
  45  3:50  Drone x4  
  45  3:51  Drone x2  
  45  3:53  Extractor x2  
  45  3:54  Drone  
  50  3:56  Drone  
  50  4:17  Spire  
  50  4:18  Drone x2  
  50  4:20  Overlord x2  
  50  4:22  Extractor  
  50  4:23  Drone  
  51  4:24  Overlord  
  51  4:34  Overlord  
  51  4:35  Overlord x2  
  51  4:40  Spore Crawler  
  51  4:41  Drone x2  
  49  5:14  Drone x4  
  46  5:15  Queen  
  46  5:16  Queen  
  46  5:17  Queen  
  46  5:19  Drone x6  
  61  5:22  Drone  
  61  5:28  Overlord  
  62  5:32  Drone  
  62  5:33  Drone x2  
  65  5:37  Mutalisk  
  65  5:39  Mutalisk  
  65  5:42  Mutalisk  
  71  5:45  Mutalisk  
  71  5:48  Mutalisk  
  75  5:56  Mutalisk x2  
  75  5:57  Mutalisk  
  75  5:59  Mutalisk  
  75  6:03  Drone  
  84  6:04  Baneling Nest  
  84  6:05  Drone  
  84  6:07  Drone  
  84  6:09  Drone x2  
  84  6:10  Drone  
  89  6:11  Drone  
  89  6:15  Evolution Chamber  
  89  6:17  Drone, Evolution Chamber  
  89  6:18  Drone  
  89  6:21  Drone x2  
  89  6:23  Drone  
  89  6:24  Drone  
  94  6:25  Drone  
  94  6:29  Drone x3  
  97  6:33  Pneumatized Carapace  
  97  6:38  Zerg Flyer Armor Level 1  
  97  6:42  Overlord x2  
  97  6:46  Zerg Melee Weapons Level 1  
  97  6:47  Zerg Ground Armor Level 1  
  97  6:49  Centrifical Hooks  
  97  6:52  Baneling  
  97  6:53  Overlord  
  97  6:55  Overlord  
  97  7:04  Zergling x2  
  97  7:05  Zergling x18  
  107  7:09  Zergling x2  
  107  7:10  Zergling x8  
  107  7:12  Extractor  
  107  7:13  Extractor  
  110  7:24  Zergling x6  
  110  7:26  Baneling  
  110  7:27  Baneling x8  
  113  7:36  Overlord  
  113  7:41  Zergling x20  
  113  7:43  Baneling x7  
  123  7:49  Mutalisk  
  123  7:50  Mutalisk  
  125  7:56  Hatchery  
  125  7:58  Baneling  
  124  8:00  Zergling x2  
  124  8:01  Zergling x12  
  131  8:07  Overseer  
  131  8:08  Overseer  
  130  8:30  Overlord  
  130  8:31  Baneling  
  122  8:45  Zergling x2  
  122  8:46  Zergling x22  
  128  8:54  Zergling x2  
  120  8:56  Zergling x2  
  120  9:02  Zergling x2  
  112  9:05  Zerg Ground Armor Level 2, Zergling x2, Zerg Melee Weapons Level 2  
  106  9:13  Zergling x6  
  102  9:31  Mutalisk  
  102  9:32  Mutalisk x7  
  102  9:35  Baneling x4  
  119  9:38  Zergling x14  
  119  9:39  Baneling  
  119  9:40  Queen, Baneling x10  
  127  9:48  Zergling x10  
  127  9:49  Hatchery  
  121  10:01  Zergling x14  
  119  10:10  Zergling x2  
  119  10:11  Zergling x6  
  119  10:13  Zergling x6  
  119  10:14  Zergling x4  
  123  10:18  Zergling x8  
  123  10:19  Infestation Pit  
  125  10:25  Baneling x4  
  125  10:26  Baneling x5  
  118  10:31  Zergling x10  
  118  10:33  Baneling x8  
  122  10:36  Zergling x8  
  122  10:39  Overseer  
  122  10:41  Zergling x8  
  128  10:51  Zergling x4  
  118  10:58  Zergling x6  
  118  11:02  Zergling x2  
  119  11:04  Zergling x10  
  115  11:14  Zergling x12  
  115  11:16  Zergling x2  
  115  11:17  Baneling x2  
  115  11:18  Baneling x4  
  116  11:19  Baneling x4  
  116  11:20  Zergling x2  
  115  11:28  Baneling x2  
  115  11:29  Zergling x10, Baneling x9  
  115  11:30  Hatchery  
  118  11:35  Hive  
  118  11:36  Pathogen Glands  
  118  11:37  Zergling x4  
  120  11:40  Overlord  
  120  11:42  Overlord  
  120  11:48  Overlord x2  
  120  11:49  Overlord  
  120  12:01  Zergling x18  
  114  12:04  Zergling x2  
  114  12:05  Zergling x4  
  114  12:12  Zergling x2  
  114  12:13  Zergling x6  
  114  12:15  Baneling x4  
  118  12:21  Zergling x8  
  113  12:27  Zergling x6  
  112  12:30  Baneling x3  
  111  12:39  Zergling x8  
  111  12:40  Overseer  
  113  12:45  Mutalisk  
  113  12:47  Overlord  
  115  12:51  Baneling  
  115  12:52  Baneling x3  
  115  13:01  Baneling x4  
  92  13:15  Zergling x12  
  92  13:16  Zergling x10  
  95  13:25  Zergling x8  
  99  13:27  Baneling x2  
  99  13:28  Baneling  
  99  13:29  Baneling  
  99  13:34  Zergling x4  
  99  13:36  Baneling x3  
  99  13:39  Zergling x2  
  102  13:43  Zergling x4  
  91  13:58  Zergling x20  
  91  14:00  Mutalisk  
  94  14:04  Zergling x6  
  94  14:07  Mutalisk  
  92  14:10  Baneling  
  92  14:15  Zergling x8  
  96  14:17  Zergling x2  
  96  14:18  Zergling x2  
  96  14:29  Zergling x8  
  96  14:30  Zergling x10  
  100  14:37  Zergling x10  
  100  14:38  Zergling x2  
  101  14:42  Baneling x5  
  101  14:44  Zergling x2  
  101  14:49  Zergling x8  
  103  14:54  Mutalisk  
  103  14:56  Mutalisk  
  107  15:05  Mutalisk x3  
  113  15:19  Ultralisk Cavern  
  112  15:22  Mutalisk x2  
  112  15:23  Mutalisk x2  
  112  15:25  Mutalisk  
  122  15:29  Mutalisk  
  124  15:43  Hatchery  
  124  15:49  Mutalisk x3  
  127  16:12  Mutalisk x7  
  136  16:19  Zergling x10  
  124  16:41  Extractor x2  
  107  17:01  Zergling x32  
  90  17:02  Zergling x16  
  90  17:03  Zergling x2  
  112  17:08  Zergling x2  
  112  17:09  Zergling x6  
  112  17:13  Chitinous Plating  
  116  17:17  Baneling  
  116  17:18  Baneling x2  
  116  17:19  Zergling x2  
  116  17:21  Baneling x4  
  116  17:22  Baneling  
  117  17:24  Zergling x2  
  117  17:26  Baneling x2  
  117  17:27  Baneling  
  117  17:28  Baneling  
  115  17:32  Baneling x3  
  111  17:45  Zergling x4  
  111  17:46  Zergling x2  
  81  18:05  Zergling x2  
  81  18:06  Zergling x6  
Show
View Real Time Build Order
Export as new Build Order

Miszu Terran - Winner!

Build Orders: Liberator Opening, Reaper Expand, MMM Bio 

Get SALT Encoding   

  12  0:00  SCV  
  13  0:13  SCV  
  14  0:20  Supply Depot  
  14  0:25  SCV  
  15  0:42  SCV  
  16  0:43  Barracks  
  16  0:45  Refinery  
  16  0:54  SCV  
  17  1:06  SCV  
  18  1:18  SCV  
  19  1:30  Orbital Command  
  19  1:31  Reaper  
  20  1:40  Command Center  
  20  1:47  Supply Depot  
  20  1:56  SCV  
  20  1:58  Refinery  
  21  2:08  SCV  
  22  2:10  Factory  
  22  2:20  SCV  
  22  2:22  Barracks Reactor  
  23  2:32  SCV  
  24  2:52  SCV, Orbital Command  
  24  2:56  Starport  
  25  3:00  Marine x2  
  25  3:04  SCV  
  28  3:10  Supply Depot  
  28  3:13  Factory Tech Lab  
  28  3:16  SCV, Liberator  
  28  3:17  Marine  
  28  3:18  Marine  
  28  3:19  SCV  
  32  3:28  SCV  
  32  3:31  SCV  
  36  3:35  Marine  
  36  3:40  SCV  
  38  3:43  SCV  
  38  3:45  Command Center  
  39  3:53  SCV  
  39  3:55  SCV  
  41  4:03  Liberator  
  41  4:05  SCV  
  41  4:07  Barracks x2, SCV  
  43  4:10  Marine x2  
  46  4:17  Supply Depot, SCV  
  46  4:19  SCV  
  50  4:29  SCV  
  51  4:31  SCV  
  51  4:35  Engineering Bay, Refinery  
  51  4:36  Engineering Bay  
  51  4:37  Refinery  
  52  4:41  SCV  
  53  4:48  SCV  
  53  4:49  Marine x2  
  53  4:52  Factory Reactor  
  56  4:53  SCV  
  57  5:01  Barracks Tech Lab x2  
  57  5:02  Orbital Command  
  57  5:03  SCV  
  57  5:05  SCV  
  59  5:10  Marine x2  
  59  5:14  Terran Infantry Weapons Level 1, Terran Infantry Armor Level 1  
  61  5:15  Starport Reactor, SCV  
  61  5:17  SCV  
  63  5:23  Combat Shields  
  63  5:24  Marine x2, Stimpack  
  63  5:27  Marine, SCV  
  63  5:28  Marine  
  65  5:29  SCV  
  65  5:30  Orbital Command  
  65  5:32  Missile Turret  
  65  5:35  Missile Turret  
  66  5:39  SCV  
  66  5:41  SCV  
  66  5:42  Marine x2  
  70  5:43  Widow Mine x2  
  74  5:50  Supply Depot  
  74  5:51  SCV  
  74  5:53  SCV  
  74  5:56  SCV  
  77  6:00  Barracks  
  77  6:02  Barracks  
  77  6:09  Missile Turret  
  77  6:12  SCV x3  
  77  6:16  Medivac  
  77  6:17  Medivac  
  84  6:20  Supply Depot  
  84  6:21  Supply Depot  
  84  6:24  Supply Depot, SCV  
  85  6:41  Marine x4, SCV x3  
  85  6:42  Widow Mine x2  
  85  6:45  Supply Depot  
  96  6:48  Supply Depot  
  96  6:50  Barracks Reactor x2  
  96  6:53  Medivac x2  
  96  6:54  SCV x2  
  103  6:59  Marine x4, Barracks  
  103  7:00  Barracks  
  106  7:04  Barracks  
  104  7:10  Refinery  
  104  7:15  Widow Mine x2  
  106  7:17  Marine x2  
  110  7:23  Missile Turret  
  110  7:26  Supply Depot  
  110  7:27  Supply Depot  
  110  7:28  Supply Depot  
  110  7:31  Marine x2, Marauder, Armory  
  110  7:32  Marine x3  
  110  7:34  Supply Depot  
  110  7:35  Marine x2  
  115  7:54  Widow Mine x2  
  115  7:55  Barracks Tech Lab x2  
  115  7:56  Barracks Tech Lab  
  115  7:58  Marine, Marauder  
  122  8:01  Supply Depot x2  
  122  8:05  Marauder  
  124  8:08  Marine  
  124  8:09  Marine x4  
  124  8:10  Medivac x2  
  133  8:15  Marine  
  133  8:19  Marauder  
  136  8:22  Terran Infantry Armor Level 2, Terran Infantry Weapons Level 2  
  136  8:26  Marine x5, Marauder x2  
  142  8:28  Marine  
  139  8:35  Marine  
  139  8:36  Marine  
  139  8:41  Marauder  
  133  8:44  Marine x5  
  133  8:46  Marine  
  133  8:47  Marine  
  133  8:48  Marauder  
  132  8:53  Marine  
  132  8:54  Marine  
  109  9:02  Marine x6, SCV  
  99  9:03  Marine  
  99  9:05  Marine  
  99  9:08  Marine  
  98  9:11  Marine x2  
  96  9:19  Marine x2  
  96  9:20  Marine x4  
  100  9:26  Marine  
  100  9:27  Marine x2  
  100  9:29  Marine x2  
  103  9:37  Marine x2  
  103  9:38  Marine x3  
  104  9:40  Marine  
  104  9:43  Widow Mine  
  107  9:49  Marine, Marauder  
  88  10:13  Medivac, Widow Mine x2  
  88  10:14  Marine, Medivac  
  94  10:15  Marine x7, Marauder  
  104  10:27  Marine  
  104  10:28  Marauder  
  107  10:32  Marine  
  107  10:33  Marine x7  
  115  10:36  Marauder  
  115  10:41  Widow Mine  
  119  10:43  Medivac  
  119  10:44  Medivac  
  119  10:46  Marauder  
  110  11:00  Marine  
  110  11:01  Marine x8, Marauder  
  103  11:06  Marine  
  79  11:18  Marine  
  79  11:19  Marine x8, SCV  
  79  11:20  SCV x2  
  79  11:22  Marine  
  79  11:24  Marine  
  90  11:31  SCV  
  90  11:32  SCV x2  
  93  11:35  Medivac  
  95  11:40  Medivac  
  95  11:41  Marine  
  95  11:42  Marine  
  95  11:43  SCV  
  95  11:45  SCV  
  95  11:46  SCV  
  102  11:56  SCV  
  102  11:57  SCV  
  102  11:58  SCV  
  89  12:07  Marine x9  
  78  12:10  Marine, Marauder  
  68  12:25  Marine x9  
  68  12:28  Marine  
  71  12:31  Marine  
  70  12:38  Missile Turret  
  70  12:42  Marine  
  70  12:43  Marine x8  
  81  12:44  Medivac  
  81  12:46  Marine  
  81  12:49  Marine  
  81  13:00  Marine  
  81  13:01  Marine x8  
  81  13:03  Marine  
  91  13:07  Marine  
  77  13:18  Marine x3  
  77  13:19  Marine x6  
  81  13:21  Marine  
  81  13:23  SCV  
  81  13:24  Marine  
  84  13:36  Marine x4  
  84  13:38  Marine  
  84  13:39  Marine x2  
  91  13:42  Marine  
  91  13:43  Marine  
  64  14:07  Marine x3  
  64  14:08  Hellion, Marine x8, Medivac  
  72  14:17  Medivac  
  74  14:25  Marine x5  
  74  14:27  Marine x3  
  74  14:28  Marine x3  
  71  14:43  Marine x5  
  71  14:45  Marine x2  
  69  14:50  Medivac  
  69  14:52  Medivac  
  72  15:02  Orbital Command  
  72  15:06  Marine x4  
  72  15:07  Marine  
  78  15:14  Widow Mine  
  78  15:16  Widow Mine  
  83  15:22  Marine, Missile Turret  
  82  15:32  Marauder  
  84  15:39  Marine x2  
  88  15:43  Marauder, Widow Mine  
  88  15:44  Missile Turret  
  88  15:45  Widow Mine  
  92  15:51  Marine x4, Marauder  
  92  15:52  Marine  
  92  15:53  Marine x2  
  99  16:09  Marauder  
  101  16:11  Widow Mine  
  101  16:13  Widow Mine  
  104  16:23  Marauder, Missile Turret  
  104  16:24  Marauder  
  102  16:27  SCV  
  102  16:29  Marauder  
  94  16:35  Marauder  
  94  16:43  Marine  
  94  16:44  Marine x6, Marauder  
  94  16:45  Marine  
  104  16:50  Marine  
  104  16:51  SCV  
  88  16:56  Marine  
  81  17:01  Marine  
  81  17:02  Marine x5, Medivac x2  
  81  17:03  Marine, Marauder  
  81  17:05  Marine  
  81  17:07  Marine, Widow Mine x2  
  100  17:14  Marauder  
  102  17:19  Marine x3  
  102  17:21  Marauder  
  107  17:34  Marine x5, Marauder  
  107  17:35  Marine  
  107  17:37  Marine  
  116  17:45  Marine  
  116  17:46  Marine, Marauder  
  118  17:51  Marine  
  118  17:52  Marauder  
  118  17:54  Orbital Command  
Tags
 
Add a new tag
Caveats
  • Supply blocks, unpowered buildings, or Contaminate may cause inaccurate times.
  • Supply counts are checked every 10 seconds.